[Event "*** SCC Grand Prix: Titled Tuesday Blitz"]
[Site "Chess.com"]
[Date "2020.07.21"]
[Round "10"]
[White "Vandros57"]
[Black "amatatanav"]
[Result "0-1"]
[WhiteElo "2137"]
[BlackElo "2474"]
[TimeControl "180+1"]
[EndTime "12:00:12 PDT"]
[Termination "amatatanav won on time"]

1. c4 e6 2. Nc3 d5 3. d4 Nf6 4. cxd5 exd5 5. Bg5 Be7 6. e3 h6 7. Bxf6 Bxf6 8. Nf3 O-O 9. Bd3 c6 10. O-O Re8 11.
b4 Qd6 12. Rb1 b5 13. a4 a6 14. a5 Nd7 15. e4 dxe4 16. Nxe4 Qd5 17. Nxf6+ Nxf6 18.
Rc1 Bg4 19. h3 Bxf3 20. Qxf3 Qxf3 21. gxf3 Re6 22. Rfd1 Rd8 23. Be4 Rdd6 24. d5 Nxd5 25. Bxd5 Rxd5 26. Rxd5 cxd5 27. Rc8+ Kh7 28. Rd8 Kg6 29.
Rxd5 Kf6 30. Kg2 Rc6 31. Rd4 Ke5 32. Re4+ Kd5 33. Re7 Rf6 34. Rc7 Rf4 35. Kg3 g5 36. Ra7 Rf6 37. Rc7 Rc6 38. Rxf7 Kc4 39. f4 gxf4+ 40.
Rxf4+ Kb3 41. Kg4 Rc4 42. h4 Rxb4 0-1

[Event "*** SCC Grand Prix: Titled Tuesday Blitz"]
[Site "Chess.com"]
[Date "2020.07.21"]
[Round "10"]
[White "Parkas"]
[Black "kleopl"]
[Result "0-1"]
[WhiteElo "2338"]
[BlackElo "2430"]
[TimeControl "180+1"]
[EndTime "12:00:13 PDT"]
[Termination "kleopl won on time"]

1. d4 Nf6 2. Nc3 d5 3. Bf4 c6 4. e3 Bf5 5. f3 h5 6. Bd3 Bxd3 7. Qxd3 e6 8. Nge2 Qb6 9. O-O-O Na6 10. a3 c5 11. Qb5+ Qxb5 12. Nxb5 cxd4 13. exd4 Kd7 14. Kb1 Ne8 15. Rhe1 Nd6 16. Nxd6 Bxd6 17. Bxd6 Kxd6 18. Nf4 g6 19. Nd3 Rhc8 20. b3 Rc3 21. Kb2 Rc7 22. Ne5 Rac8 23. c4 dxc4 24. bxc4 Ke7 25. Kb3 Kf6 26.
h4 Nb8 27. d5 exd5 28. Rxd5 Nc6 29. Rd6+ Kg7 30. Nxc6 Rxc6 31. Rxc6 Rxc6 32. Re7 Rb6+ 33. Kc3 Kf6 34. Rc7 Ke6 35. Kd4 Ra6 36. Rxb7 Rxa3 37.
Kc5 Ra2 38. g4 hxg4 39. fxg4 Rh2 40. Rxa7 Rxh4 41. Ra6+ Ke7 42. g5 Rg4 43. Ra7+ Kf8 44. Kb5 Rxg5+ 45. c5 Rg1 46. Ra4 Ke7 47. Rd4 Rb1+ 48. Ka6 Rc1 49. Kb6 Rb1+ 50. Ka6 Rc1 51. Kb6 f5 52. c6 g5 53. c7 Ke6 54. Kb7 Ke5 0-1

[Event "*** SCC Grand Prix: Titled Tuesday Blitz"]
[Site "Chess.com"]
[Date "2020.07.21"]
[Round "10"]
[White "fabianvivasz"]
[Black "chesslh19"]
[Result "1/2-1/2"]
[WhiteElo "2278"]
[BlackElo "2179"]
[TimeControl "180+1"]
[EndTime "12:00:13 PDT"]
[Termination "Game drawn - insufficient material"]

1. e4 c5 2. Nf3 d6 3. d4 cxd4 4. Nxd4 Nf6 5. Nc3 e6 6. g4 h6 7. h4 Nc6 8. Rg1 d5 9. exd5 Nxd5 10.
Nxd5 exd5 11. Be3 Qxh4 12. Qf3 Nxd4 13. Bxd4 Qe7+ 14. Be2 Qe4 15. O-O-O Qxf3 16. Bxf3 Be6 17. Rge1 Kd7 18. c4 Rc8 19. b3 Bb4 20. Re3 Bc5 21. Kb2 Bxd4+ 22. Rxd4 Kc7 23. cxd5 Bd7 24. d6+ Kb8 25. Re7 Bc6 26. Bxc6 Rxc6 27. Rxf7 Rd8 28. d7 Rf6 29. Rxf6 gxf6 30. Kc3 Kc7 31. Kc4 Kc6 32. a4 b6 33. b4 a6 34. b5+ axb5+ 35. axb5+ Kc7 36. f4 Rxd7 37. Rxd7+ Kxd7 38. Kd5 Ke7 39.
Kc6 f5 40. gxf5 h5 41. Kxb6 h4 42. Kc7 h3 43. b6 h2 44. b7 h1=Q 45. b8=Q Qc1+ 46.
Kb6 Qb2+ 47. Ka7 Qxb8+ 48. Kxb8 Kf6 49. Kc7 Kxf5 50. Kd6 Kxf4 1/2-1/2

[Event "*** SCC Grand Prix: Titled Tuesday Blitz"]
[Site "Chess.com"]
[Date "2020.07.21"]
[Round "10"]
[White "Josip_buje"]
[Black "Zmof"]
[Result "1-0"]
[WhiteElo "2278"]
[BlackElo "2169"]
[TimeControl "180+1"]
[EndTime "12:00:14 PDT"]
[Termination "Josip_buje won by resignation"]

1. d4 f5 2. Nf3 Nf6 3. Bg5 e6 4.
e3 Be7 5. Bd3 O-O 6. O-O d5 7.
c4 c6 8. Nc3 b6 9. cxd5 exd5 10. Ne5 Ne4 11. Bxe7 Qxe7 12. Rc1 Bb7 13. f4 Nd7 14.
Bxe4 dxe4 15. Qb3+ Kh8 16. Ne2 Nxe5 17. fxe5 Ba6 18.
Rf2 Bxe2 19. Rxe2 Rac8 20. Rec2 c5 21. Qa3 f4 22. exf4 Rxf4 23. Qe3 Rcf8 24. g3 cxd4 25. Qxd4 R4f5 26. Rc8 Rf1+ 27. Rxf1 Rxc8 28. Qxe4 h6 29.
e6 Re8 30. Kg2 Qd6 31. Re1 Re7 32. Re2 a5 33. Qf5 Kg8 34. Rc2 Qd8 35. h4 Qa8+ 36.
Kh3 Qe8 37. Re2 Qc6 38. b3 Qh1+ 39. Kg4 Qc6 40. Re4 Qc2 41. Kh3 Qd1 42. Rc4 Qh1+ 43. Kg4 Qd1+ 44. Kf4 Qf1+ 45. Ke5 Qe1+ 46. Kd6 Re8 47.
Qf7+ Kh7 48. Qxe8 Qd2+ 49. Ke7 1-0

[Event "*** SCC Grand Prix: Titled Tuesday Blitz"]
[Site "Chess.com"]
[Date "2020.07.21"]
[Round "10"]
[White "Fortitudine"]
[Black "DonPreuss"]
[Result "1-0"]
[WhiteElo "2276"]
[BlackElo "2164"]
[TimeControl "180+1"]
[EndTime "12:00:14 PDT"]
[Termination "Fortitudine won on time"]

1. d4 Nc6 2. Nc3 e5 3. Nf3 exd4 4. Nxd4 Bc5 5. Nb3 Be7 6. e4 d6 7. Be3 Nf6 8. f3 O-O 9. Qd2 a5 10. a3 Be6 11. Nd4 Nxd4 12. Bxd4 c6 13. Be3 b5 14.
Bd3 Qc7 15. O-O b4 16. axb4 axb4 17. Ne2 c5 18. Nf4 c4 19. Be2 h6 20. Rfd1 Rfb8 21.
g3 c3 22. bxc3 bxc3 23. Qd4 Rxa1 24. Rxa1 Rb2 25. Bd3 g6 26. Ra7 Qd8 27. h4 Kg7 28. g4 Rb1+ 29. Kg2 Kh7 30. h5 Nd7 31. hxg6+ fxg6 32. e5 dxe5 33. Bxg6+ Kg8 34. Qd3 exf4 35. Bh7+ 1-0

[Event "*** SCC Grand Prix: Titled Tuesday Blitz"]
[Site "Chess.com"]
[Date "2020.07.21"]
[Round "10"]
[White "IwkooO"]
[Black "Grandelicious"]
[Result "1/2-1/2"]
[WhiteElo "2641"]
[BlackElo "2780"]
[TimeControl "180+1"]
[EndTime "12:00:15 PDT"]
[Termination "Game drawn by repetition"]

1. c4 c5 2. Nc3 g6 3. g3 Bg7 4. Bg2 Nc6 5. Nf3 e5 6. O-O Nge7 7. a3 O-O 8. Rb1 a5 9. d3 d6 10. Ne1 Be6 11. Nc2 d5 12. cxd5 Nxd5 13. Ne3 Nde7 14. Nc4 b6 15. Bg5 f6 16. Be3 Rb8 17. Nb5 Nd5 18. Bd2 Qd7 19. a4 Nd4 20. Nxd4 exd4 21.
Qb3 Rfe8 22. Rfe1 h5 23. Qb5 Qc7 24. Bxd5 Bxd5 25. Bf4 Qa7 26. Bxb8 Rxb8 27. e4 dxe3 28. Rxe3 Ba8 29. Re8+ Rxe8 30. Qxe8+ Kh7 31. Re1 Qb7 32. Qe4 Qb8 33. Qe3 b5 34. axb5 Qxb5 35. Qe7 Qc6 36. Re4 f5 37. Ne5 Qd5 38. Nf7 fxe4 39. Ng5+ Kg8 40.
Qe8+ Bf8 41. Qxg6+ Bg7 42. Qe8+ Bf8 43. Qg6+ Bg7 44. Qe8+ Bf8 45. Qg6+ 1/2-1/2

[Event "*** SCC Grand Prix: Titled Tuesday Blitz"]
[Site "Chess.com"]
[Date "2020.07.21"]
[Round "10"]
[White "Harry_Rakkel"]
[Black "sewin16"]
[Result "0-1"]
[WhiteElo "2532"]
[BlackElo "2408"]
[TimeControl "180+1"]
[EndTime "12:00:15 PDT"]
[Termination "sewin16 won on time"]

1. e4 e5 2. Nf3 Nc6 3. Bb5 a6 4.
Ba4 Nf6 5. O-O Be7 6. Re1 b5 7. Bb3 O-O 8. h3 d6 9. c3 h6 10. d4 Re8 11. a3 Bf8 12. Nbd2 g6 13. Ba2 Bg7 14. d5 Ne7 15. c4 c6 16. b3 c5 17.
b4 cxb4 18. axb4 bxc4 19. Nxc4 Nh5 20. Na5 Nf4 21. Bxf4 exf4 22. Rc1 Kh7 23. Nd4 Qb6 24. Ndc6 Bd7 25. Qd2 f3 26. gxf3 g5 27. Bc4 Ng6 28.
Bf1 Nf4 29. Qe3 Nxh3+ 30. Kh2 Qxe3 31. fxe3 g4 32. Bxh3 gxh3 33. Rc4 f5 34. exf5 Bxf5 35. f4 Re4 36. Rxe4 Bxe4 37. Rd1 Bg2 38. Nc4 Re8 39.
Nxd6 Rxe3 40. Nf5 Re2 41. Kg3 Bf6 42. d6 h5 43. d7 h4+ 44. Nxh4 Bxc6 45. d8=Q Bxd8 46.
Rxd8 h2 47. Ng6 Rg2+ 0-1

[Event "*** SCC Grand Prix: Titled Tuesday Blitz"]
[Site "Chess.com"]
[Date "2020.07.21"]
[Round "10"]
[White "lelya96"]
[Black "tandaleo"]
[Result "0-1"]
[WhiteElo "2188"]
[BlackElo "2313"]
[TimeControl "180+1"]
[EndTime "12:00:15 PDT"]
[Termination "tandaleo won by checkmate"]

1. e4 e5 2. Nf3 Nc6 3. d4 exd4 4. Nxd4 Nf6 5. Nc3 Bb4 6. Nxc6 bxc6 7. Bd3 O-O 8. O-O Rb8 9. Qf3 Re8 10. h3 Be7 11. Bf4 d6 12. e5 dxe5 13. Bxe5 Bd6 14. Bd4 c5 15. Bxf6 Qxf6 16. Qxf6 gxf6 17. Nd5 Kg7 18. b3 Bb7 19. Ne3 Be5 20. Rad1 Rbd8 21. Nf5+ Kh8 22. Bc4 Kg8 23. Nh6+ Kg7 24. Rxd8 Rxd8 25. Nxf7 Rd2 26. Nxe5 fxe5 27. Re1 e4 28. Re2 Rd1+ 29. Kh2 Kf6 30. Kg3 Kf5 31. f3 exf3 32. gxf3 Rg1+ 33. Kf2 Rh1 34.
a4 Kf4 35. Re7 Rh2+ 36. Kg1 Rxc2 37. Rf7+ Kg3 38. Rg7+ Kxh3 39. Rxh7+ Kg3 40. Rg7+ Kxf3 41. Rxc7 Be4 42. Rf7+ Kg3 43. Rg7+ Kf4 44. Rf7+ Ke3 45. Rxa7 Rh2 46. Re7 Rh1# 0-1

[Event "*** SCC Grand Prix: Titled Tuesday Blitz"]
[Site "Chess.com"]
[Date "2020.07.21"]
[Round "10"]
[White "MomchilPetkov"]
[Black "AsaHoffmann"]
[Result "1-0"]
[WhiteElo "2587"]
[BlackElo "2432"]
[TimeControl "180+1"]
[EndTime "12:00:16 PDT"]
[Termination "MomchilPetkov won by checkmate"]

1. d4 Nf6 2. c4 c5 3. d5 e5 4. Nc3 d6 5. e4 Be7 6. Be2 Nbd7 7. Nf3 Nf8 8. Be3 Ng6 9. Nd2 O-O 10.
O-O a6 11. a4 b6 12. Re1 Ne8 13. Nf1 Bd7 14. Ng3 Bg5 15. Qd2 Bxe3 16. Qxe3 Nf4 17. Bf1 Qg5 18. Kh1 h5 19. Nge2 Nf6 20. g3 Bg4 21. gxf4 exf4 22. Qxf4 Qh4 23. Qg3 Qg5 24.
f3 h4 25. Qg2 h3 26. Qg3 Qd2 27. fxg4 Qxb2 28. g5 Nd7 29. Bxh3 Ne5 30. Rab1 Qa3 31. Nf4 g6 32. Bf1 Kg7 33. Rxb6 Rad8 34. Nb5 Qxg3 35. hxg3 axb5 36. cxb5 Ra8 37. Ra6 Rad8 38. Be2 c4 39. Rc1 Rc8 40. Kg2 c3 41. Rxd6 Rfe8 42. Rc6 Nxc6 43. dxc6 Rxe4 44. Rxc3 Rxa4 45. b6 Rb4 46. b7 Rc7 47. Bf3 Kf8 48. Re3 Rb2+ 49. Kh3 Rb6 50. Ra3 Ke7 51. Ra8 Kd6 52. b8=Q Rxb8 53. Rxb8 Ke5 54.
Re8+ Kf5 55. Kh4 f6 56. Bg4# 1-0

[Event "*** SCC Grand Prix: Titled Tuesday Blitz"]
[Site "Chess.com"]
[Date "2020.07.21"]
[Round "10"]
[White "chalowey97"]
[Black "poppy73"]
[Result "1-0"]
[WhiteElo "2151"]
[BlackElo "2237"]
[TimeControl "180+1"]
[EndTime "12:00:16 PDT"]
[Termination "chalowey97 won on time"]

1. d4 Nf6 2. Nf3 g6 3. Nc3 d5 4. Bf4 Bg7 5. Qd2 Ne4 6. Nxe4 dxe4 7. Ne5 Nd7 8. Nxd7 Bxd7 9. e3 c6 10. Bc4 O-O 11. O-O Qc8 12. b4 Be6 13. Qe2 Bd5 14. Rfc1 e5 15. dxe5 Qe6 16. Bxd5 cxd5 17. c4 Bxe5 18.
Bxe5 Qxe5 19. c5 d4 20. exd4 Qxd4 21. Rab1 Rfe8 22. Rc4 Qe5 23. b5 Rac8 24. c6 bxc6 25. bxc6 Re6 26. Rbc1 Qb5 27. Qc2 Rc7 28. h3 Qd5 29.
Rc5 Qd4 30. Rd1 Qf6 31. Rc1 e3 32. fxe3 Rxe3 33. Qf2 Qxf2+ 34. Kxf2 Re6 35. R1c2 Kf8 36. Ra5 Ke7 37. Rac5 Kd6 38. a4 1-0

[Event "*** SCC Grand Prix: Titled Tuesday Blitz"]
[Site "Chess.com"]
[Date "2020.07.21"]
[Round "10"]
[White "Speshka"]
[Black "crazychessbr"]
[Result "1-0"]
[WhiteElo "2225"]
[BlackElo "2121"]
[TimeControl "180+1"]
[EndTime "12:00:16 PDT"]
[Termination "Speshka won on time"]

1. e4 e6 2. Nf3 d5 3. e5 c5 4. b4 cxb4 5. a3 Nc6 6. axb4 Bxb4 7. c3 Be7 8. d4 Nh6 9. Bd3 Nf5 10. O-O a6 11. Na3 b5 12. Nxb5 Bb7 13.
Na3 O-O 14. Nc2 Na5 15. Nd2 Rc8 16. Bb2 Nc4 17. Nxc4 dxc4 18. Be2 Nh4 19. Ne3 Bg5 20. f4 Bh6 21. g3 Ng6 22. Bxc4 Rxc4 23. Nxc4 Qd5 24. Qe2 Qh1+ 25. Kf2 Qxh2+ 26. Ke1 Qxg3+ 27. Qf2 Qxf4 28. Qxf4 Nxf4 29. Ba3 Rd8 30. Nd6 Bg2 31.
Rg1 Nd3+ 32. Ke2 Nf4+ 33. Kf2 Bh3 34. Rg3 Bf5 35. Rf3 g6 36. Nxf5 exf5 37. Rd1 Nd5 38.
c4 Nb6 39. Rc3 Rc8 40. Bc5 1-0

[Event "*** SCC Grand Prix: Titled Tuesday Blitz"]
[Site "Chess.com"]
[Date "2020.07.21"]
[Round "10"]
[White "GregShahade"]
[Black "AGW2016"]
[Result "1/2-1/2"]
[WhiteElo "2660"]
[BlackElo "2275"]
[TimeControl "180+1"]
[EndTime "12:00:17 PDT"]
[Termination "Game drawn - insufficient material"]

1. e4 c5 2. Nf3 d6 3. d4 cxd4 4. Nxd4 Nf6 5. Nc3 Nc6 6. f3 e5 7. Nb3 Be6 8. Be3 d5 9. exd5 Nxd5 10. Nxd5 Qxd5 11. Qxd5 Bxd5 12. O-O-O O-O-O 13. Bb5 Be7 14. c4 Be6 15. Bxc6 bxc6 16. Na5 Kc7 17. a3 c5 18. Rxd8 Rxd8 19. Rd1 Rxd1+ 20. Kxd1 f5 21. Kc2 g5 22. Kd3 f4 23. Bf2 Bf5+ 24. Kc3 e4 25. b4 Bf6+ 26. Kb3 Bd4 27. Be1 exf3 28. gxf3 g4 29. fxg4 Bxg4 30. bxc5 Bxc5 31. Kc2 f3 32. Bg3+ Kc8 33. Nc6 f2 34. Bxf2 Bxf2 35. Kd3 Bc5 36.
Ke4 Bh3 37. Kd5 Bxa3 38. Nxa7+ Kb7 39. Nb5 Bb4 40. Ke5 Bf1 41. Kd4 Kb6 42. Kd5 Be1 43.
Nd4 Bf2 44. c5+ Kc7 45. Ne6+ Kc8 46. Ng5 Bg2+ 47. Ke5 Bg1 48. Nxh7 Bxc5 49. h4 Bf2 50. h5 Bf3 51. Nf6 Bh4 52. Kf5 Bxf6 53. Kxf6 Bxh5 1/2-1/2

[Event "*** SCC Grand Prix: Titled Tuesday Blitz"]
[Site "Chess.com"]
[Date "2020.07.21"]
[Round "10"]
[White "26andrej26"]
[Black "Gusarov91"]
[Result "0-1"]
[WhiteElo "2532"]
[BlackElo "2649"]
[TimeControl "180+1"]
[EndTime "12:00:18 PDT"]
[Termination "Gusarov91 won by resignation"]

1. e4 c6 2. Nc3 Na6 3. Bxa6 bxa6 4. d4 g6 5. Nge2 Bg7 6. O-O Rb8 7. b3 a5 8. Bf4 d6 9. Qd2 Ba6 10. Rfe1 e5 11. Be3 Ne7 12. dxe5 Bxe5 13. Bd4 O-O 14. Bxe5 dxe5 15. Qe3 Bxe2 16. Rxe2 Qd4 17. Rd1 Qb4 18. Na4 Rfd8 19. Red2 Rxd2 20. Qxd2 Qxe4 21. Re1 Qb4 22. c3 Qb5 23. Qd6 Nf5 24. Qxe5 Qxe5 25. Rxe5 Rd8 26. g3 Rd1+ 27. Kg2 Rd2 28. Rxa5 Rxa2 29. Rxa7 Ne3+ 30. Kf3 Nd1 31. Rd7 Rxf2+ 32. Kg4 Ne3+ 33. Kh3 h5 34. g4 hxg4+ 35. Kh4 Kg7 36. Rd3 Rxh2+ 37. Kg3 Rg2+ 38. Kf4 Nd5+ 39. Ke5 g3 40. Kd6 Nf4 41.
Rf3 Rd2+ 42. Kxc6 g2 43. Rg3 Nh3 44. b4 g1=Q 45. Rxg1 Nxg1 46. b5 Ne2 47. c4 Nd4+ 48. Kc5 Ne6+ 49. Kc6 g5 50. b6 g4 51. c5 g3 52. Kb5 Rd1 53. Nc3 Rd8 54. c6 Nd4+ 55. Kc5 Nxc6 56. Kxc6 Rc8+ 57. Kd7 Rxc3 0-1

[Event "*** SCC Grand Prix: Titled Tuesday Blitz"]
[Site "Chess.com"]
[Date "2020.07.21"]
[Round "10"]
[White "mjray79"]
[Black "DariaVoit"]
[Result "0-1"]
[WhiteElo "2381"]
[BlackElo "2528"]
[TimeControl "180+1"]
[EndTime "12:00:19 PDT"]
[Termination "DariaVoit won by checkmate"]

1. d4 Nf6 2. c4 e6 3. g3 c5 4. d5 exd5 5. cxd5 g6 6. Bg2 Bg7 7. Nc3 d6 8. e4 O-O 9. Nge2 b6 10.
O-O Na6 11. f4 Nc7 12. a4 Ba6 13. e5 Ng4 14. h3 Nh6 15. Re1 Rb8 16. exd6 Ne8 17.
Ne4 Nxd6 18. N2c3 Nhf5 19. g4 Bd4+ 20. Kh2 Nxe4 21. Bxe4 Nd6 22. Bg2 Qh4 23. Be3 Bxe3 24. Rxe3 Qf2 25. Rf3 Qd4 26. Qc2 Rfe8 27. Rd1 Qf6 28. Rf2 Re7 29. Ne4 Nxe4 30. Bxe4 Rbe8 31. Re1 Qd4 32. Rd2 Qf6 33. Rf2 Qd6 34. Kg3 f5 35. gxf5 gxf5 36. Bxf5 Rxe1 37. Be6+ R8xe6 38. dxe6 Qxe6 39.
Kh2 Bb7 40. Qd3 Rh1+ 41. Kg3 Qg6+ 42. Qxg6+ hxg6 43. Kh4 Bc8 44. Kg5 Kf7 45. Rd2 Rg1+ 46. Kh4 Bf5 47. a5 Rh1 48. Kg5 Rxh3 49. Rd7+ Bxd7 50.
f5 Bxf5 51. axb6 axb6 52. Kf4 Rb3 53. Ke5 Rxb2 54. Kd6 Rd2+ 55. Kc7 Rd4 56. Kb8 Rd3 57.
Kc7 c4 58. Kb8 c3 59. Kc7 c2 60. Kb8 c1=Q 61. Kb7 b5 62. Kb8 b4 63. Ka7 b3 64.
Kb8 b2 65. Ka7 Ra3+ 66. Kb8 b1=Q# 0-1

[Event "*** SCC Grand Prix: Titled Tuesday Blitz"]
[Site "Chess.com"]
[Date "2020.07.21"]
[Round "10"]
[White "XDPS"]
[Black "LuckSlayeer"]
[Result "1-0"]
[WhiteElo "2698"]
[BlackElo "2421"]
[TimeControl "180+1"]
[EndTime "12:00:19 PDT"]
[Termination "XDPS won by resignation"]

1. e4 c5 2. Nf3 Nc6 3. d4 cxd4 4.
Nxd4 e5 5. Nb5 d6 6. c4 Be7 7.
N1c3 a6 8. Na3 f5 9. exf5 Bxf5 10. Bd3 Be6 11. O-O Nf6 12. Nc2 O-O 13. Ne3 Rc8 14.
b3 Kh8 15. Bb2 Qe8 16. Bf5 Nd4 17. Bxe6 Nxe6 18. Ncd5 Nxd5 19. Nxd5 Nf4 20. Nxf4 Rxf4 21. f3 Qg6 22. Qe2 Bd8 23. Rfd1 Bb6+ 24. Kh1 Rh4 25. h3 Qg3 26. Rd3 Rf8 27. Bc3 Qg6 28. Rad1 Qe6 29. Qf1 Rh6 30. Rxd6 Qxd6 31. Rxd6 Rxd6 32. Bb4 Rfd8 33. Bxd6 Rxd6 34. Qe2 Bd4 35. h4 g6 36. Kh2 Rd7 37. Kh3 Kg7 38. Qe4 Rf7 39. g3 b6 40.
b4 Rd7 41. c5 bxc5 42. bxc5 Rc7 43. c6 Kf6 44. Qd5 Re7 45. Qd6+ Kf7 46. c7 Re8 47.
Qd7+ Re7 48. Qd5+ Kf6 49. c8=Q 1-0

[Event "*** SCC Grand Prix: Titled Tuesday Blitz"]
[Site "Chess.com"]
[Date "2020.07.21"]
[Round "10"]
[White "czasnaszachy"]
[Black "a3aki"]
[Result "0-1"]
[WhiteElo "2207"]
[BlackElo "2050"]
[TimeControl "180+1"]
[EndTime "12:00:19 PDT"]
[Termination "a3aki won on time"]

1. d4 Nf6 2. c4 g6 3. Nc3 Bg7 4. e4 d6 5. Bg5 O-O 6. f3 Nc6 7. Qd2 a6 8. Nge2 Na5 9. Ng3 Nd7 10. h4 Nc6 11. Be3 e5 12. d5 Ne7 13. h5 f5 14. exf5 gxf5 15. Bh6 f4 16. Bxg7 Kxg7 17.
Nge4 Nf5 18. g4 Ne3 19. Nd1 Nxf1 20. Rxf1 Qh4+ 21. Ndf2 Nf6 22. O-O-O Nxe4 23. Nxe4 h6 24. Rg1 Bd7 25. g5 hxg5 26. Rxg5+ Kh8 27. Rdg1 Rg8 28. Rxg8+ Rxg8 29. Rxg8+ Kxg8 30. Qg2+ Kh8 31. Qg6 Qe1+ 32. Kc2 Qe2+ 33. Nd2 Bh3 34. Qh6+ Kg8 35. Qg6+ Kh8 36. h6 Qg2 37. Qf6+ Kh7 38. Qe7+ Kxh6 39. Qxc7 Bf5+ 40. Kc3 Qe2 41. Qxd6+ Kh5 42. b4 Qd3+ 43. Kb2 Qxd2+ 44. Ka3 Qc3+ 45. Ka4 Bc2+ 46. Ka5 Qxc4 47. Qxe5+ Kh4 48. Qh8+ Kg3 49. Qg7+ Kf2 0-1

[Event "*** SCC Grand Prix: Titled Tuesday Blitz"]
[Site "Chess.com"]
[Date "2020.07.21"]
[Round "10"]
[White "KratosKrieg"]
[Black "Boudicca64"]
[Result "1-0"]
[WhiteElo "1929"]
[BlackElo "1789"]
[TimeControl "180+1"]
[EndTime "12:00:19 PDT"]
[Termination "KratosKrieg won on time"]

1. e4 c5 2. Nf3 e6 3. b3 Nc6 4.
Bb2 d5 5. exd5 exd5 6. d4 Nf6 7. Bb5 Qa5+ 8. Nc3 cxd4 9. Bxc6+ bxc6 10. Qxd4 Bc5 11.
Qe5+ Be6 12. O-O O-O 13. Ne2 Rad8 14. Ned4 Bxd4 15. Nxd4 Qd2 16. Nxe6 Rfe8 17. Qd4 Qxd4 18. Nxd4 c5 19. Nf3 d4 20. Rfe1 Kf8 21. Rxe8+ Rxe8 22. Re1 Rd8 23. Rd1 Nd5 24. Ne5 f6 25. Nd3 Rc8 26.
Re1 Kf7 27. h3 c4 28. bxc4 Rxc4 29. Rc1 a5 30. Ne1 a4 31. Nf3 Nc3 32. Bxc3 dxc3 33. Ne1 Rb4 34. Nd3 a3 35. Kf1 Rb5 36. Ke2 Ke6 37.
Ke3 Kd5 38. Nf4+ Kc4 39. Nd3 f5 40. f4 g5 41. g3 gxf4+ 42. gxf4 Rb6 43. Ne5+ 1-0

[Event "*** SCC Grand Prix: Titled Tuesday Blitz"]
[Site "Chess.com"]
[Date "2020.07.21"]
[Round "10"]
[White "Cambek64"]
[Black "grunbergmihai"]
[Result "0-1"]
[WhiteElo "2351"]
[BlackElo "2442"]
[TimeControl "180+1"]
[EndTime "12:00:20 PDT"]
[Termination "grunbergmihai won on time"]

1. d4 Nf6 2. Nf3 g6 3. Bf4 Bg7 4. e3 O-O 5. h3 b6 6. c3 Bb7 7. Bc4 d6 8. O-O Nbd7 9. a4 a6 10. Bh2 c5 11. Nbd2 Qc7 12. Qb3 Rac8 13. Ng5 e6 14. Rfe1 Qc6 15. e4 d5 16. exd5 exd5 17.
Bf1 cxd4 18. cxd4 Qc2 19. Rad1 Qxb3 20. Nxb3 Rc2 21. Re2 Rfc8 22. Rdd2 Rxd2 23. Rxd2 h6 24. Nf3 Ne4 25. Re2 Nf8 26. Be5 Ne6 27. Bxg7 Kxg7 28. g3 a5 29. Nfd2 Ba6 30. Re3 Bxf1 31. Nxe4 Bxh3 32. Nc3 Rd8 33. Re5 Nc7 34. Re7 Rd7 35. Re5 Be6 36. Nc1 Ne8 37. Nd3 g5 38. f4 Kf6 39.
Kf2 Nd6 40. g4 Nc4 41. f5 Nxe5 42. dxe5+ Ke7 43. fxe6 Kxe6 44. Nb5 d4 45. Kf3 Kd5 46. b3 Rd8 47. Na3 f6 48. exf6 Rf8 49. Nc4 Rxf6+ 50. Ke2 Ke4 51. Nf2+ Kf4 52. Nb2 Kg3 53. Nbd3 Re6+ 0-1

[Event "*** SCC Grand Prix: Titled Tuesday Blitz"]
[Site "Chess.com"]
[Date "2020.07.21"]
[Round "10"]
[White "13MiRacLe"]
[Black "Xeniya2005"]
[Result "1-0"]
[WhiteElo "2613"]
[BlackElo "2372"]
[TimeControl "180+1"]
[EndTime "12:00:20 PDT"]
[Termination "13MiRacLe won on time"]

1. e4 e6 2. d4 d5 3. Nc3 Bb4 4. e5 c5 5. a3 Bxc3+ 6. bxc3 Ne7 7. Qg4 O-O 8. Bd3 Nbc6 9. Qh5 Ng6 10. Nf3 cxd4 11. cxd4 Bd7 12. c3 Rc8 13. Ng5 h6 14.
Nxf7 Rxf7 15. Bxg6 Rf8 16. g4 Ne7 17. Bd2 Nxg6 18.
Qxg6 Qh4 19. O-O Rc6 20. f3 Rb6 21. Rab1 Rxb1 22. Qxb1 b6 23. Qe1 Qe7 24. Qc1 Bb5 25.
Rf2 Bd3 26. Kg2 a5 27. Kg3 b5 28. h4 Rc8 29. Qb2 Rc4 30. Qxb5 Kh7 31. Qxa5 Bc2 32.
Bxh6 gxh6 33. Rxc2 Qf7 34. Qd8 Qg6 35. Qe7+ Kg8 36. Rb2 Rc8 37. Qf6 Qxf6 38. exf6 Rxc3 39.
Ra2 Kf7 40. g5 hxg5 41. hxg5 Rc6 42. a4 Kg6 43. Kf4 1-0

[Event "*** SCC Grand Prix: Titled Tuesday Blitz"]
[Site "Chess.com"]
[Date "2020.07.21"]
[Round "10"]
[White "MFguimaraes"]
[Black "DishonorOnYourCow"]
[Result "1-0"]
[WhiteElo "2418"]
[BlackElo "2314"]
[TimeControl "180+1"]
[EndTime "12:00:20 PDT"]
[Termination "MFguimaraes won on time"]

1. e4 e5 2. Nf3 Nc6 3. Bc4 Bc5 4.
b4 Bxb4 5. c3 Ba5 6. d4 d6 7.
dxe5 Bb6 8. exd6 Qxd6 9. Qxd6 cxd6 10. Ba3 Nf6 11. Nbd2 Bc5 12. Bxc5 dxc5 13. O-O O-O 14. Rab1 Nd7 15. Bd5 Nb6 16. Bxc6 bxc6 17. Ne5 Re8 18.
Nxc6 Bb7 19. Na5 Bxe4 20. Nxe4 Rxe4 21. Nb3 c4 22. Nd4 g6 23. f3 Re3 24. Nb5 Nd5 25. Rfc1 a6 26. Nd6 Nxc3 27. Nxc4 Rd3 28. Rb2 Rc8 29.
Ne5 Ne2+ 30. Rxe2 Rxc1+ 31. Kf2 Rdc3 32. Kg3 R1c2 33. Re4 Rxa2 34. Rb4 Kg7 35. Rb7 Rcc2 36. Rxf7+ Kg8 37. Ra7 Rxg2+ 38. Kf4 Ra4+ 39. Ke3 Rxh2 40. Ng4 h5 41. Nxh2 Ra3+ 42. Kf4 Ra5 43. Nf1 Rf5+ 44. Kg3 a5 45. Ne3 Rb5 46. Nc4 h4+ 47. Kg2 g5 48. Rxa5 Rb4 49. Nd6 1-0

[Event "*** SCC Grand Prix: Titled Tuesday Blitz"]
[Site "Chess.com"]
[Date "2020.07.21"]
[Round "10"]
[White "mikheeva86"]
[Black "Playgood28"]
[Result "0-1"]
[WhiteElo "1942"]
[BlackElo "2281"]
[TimeControl "180+1"]
[EndTime "12:00:20 PDT"]
[Termination "Playgood28 won by resignation"]

1. e4 e5 2. Nf3 d6 3. d4 exd4 4. Nxd4 Nf6 5. Nc3 Be7 6. Bf4 O-O 7. Be2 a6 8. O-O c5 9. Nf3 Nc6 10. e5 dxe5 11. Nxe5 Nxe5 12. Bxe5 Bf5 13. Rc1 b5 14. Bf3 Ra7 15. Qxd8 Rxd8 16. Rfe1 Kf8 17. Ne4 Nxe4 18.
Bxe4 Bxe4 19. Rxe4 Rad7 20. a3 c4 21. Bc3 Bg5 22. Rce1 Bd2 23. Rc1 Bxc3 24. bxc3 Rd1+ 25. Re1 R1d2 26. Kf1 h5 27. Re2 Rd1+ 28. Rxd1 Rxd1+ 29. Re1 Rd2 30. Re2 Rd6 31. Ke1 g6 32. h4 f6 33. g3 Kf7 34. Rd2 Rxd2 35. Kxd2 Ke6 36. Ke3 Ke5 37. Kf3 g5 38. Ke3 Kf5 39. f3 gxh4 40. gxh4 Ke5 41. f4+ Kf5 42. Kf3 a5 43. Ke3 Kg4 44. Ke4 Kxh4 45. Kf5 Kg3 46. Kxf6 Kxf4 47. Kg6 h4 48. Kf6 h3 49. Ke6 h2 50.
Kd6 h1=Q 51. Kc5 Qb7 0-1

[Event "*** SCC Grand Prix: Titled Tuesday Blitz"]
[Site "Chess.com"]
[Date "2020.07.21"]
[Round "10"]
[White "m_ezat"]
[Black "praveenb2002"]
[Result "1-0"]
[WhiteElo "2597"]
[BlackElo "2741"]
[TimeControl "180+1"]
[EndTime "12:00:21 PDT"]
[Termination "m_ezat won by checkmate"]

1. e4 c5 2. d4 cxd4 3. c3 dxc3 4. Nxc3 Nc6 5. Nf3 g6 6. Bc4 Bg7 7. O-O d6 8. Qe2 Nf6 9. Rd1 Bg4 10. Bf4 O-O 11. h3 Bxf3 12. Qxf3 Nd7 13. Bd5 Rc8 14. a3 Nb6 15. Bxc6 Rxc6 16. e5 Nc4 17. exd6 exd6 18.
Ne4 d5 19. Rxd5 Qxd5 20. Nf6+ Rxf6 21. Qxd5 Rxf4 22. Qxb7 Bd4 23. Rf1 Nd2 24. g3 Rf5 25.
Qb4 Nf3+ 26. Kg2 Bc5 27. Qc3 Bb6 28. b4 Ng5 29. Qd3 Rd8 30. Qe2 Nf3 31. a4 Nd4 32. Qe7 Nc6 33. Qe4 Rd6 34. a5 Re6 35. Qd3 Nxb4 36.
Qc4 Bxa5 37. g4 Rff6 38. Qc8+ Kg7 39. Qc3 Nc6 40. Qa1 g5 41. h4 h6 42. hxg5 hxg5 43. f4 Kg8 44. Rh1 Bb6 45. f5 Rd6 46. Qe1 Rd8 47.
Qc3 Bd4 48. Qh3 Be5 49. Qh8# 1-0